 Dungeon Crawl Stone Soup version 0.28-a0-1447-ga5a8893891 (webtiles) character file.

Game seed: 10571370632711525276

116 Strat the Ruffian (level 5, 0/37 HPs)
             Began as a Formicid Transmuter on Jan 11, 2022.
             Slain by an orc (2 damage)
             ... on level 2 of the Dungeon.
             The game lasted 00:05:55 (3729 turns).

Strat the Ruffian (Formicid Transmuter)             Turns: 3729, Time: 00:05:56

Health: 0/37       AC:  2    Str: 16    XL:     5   Next: 20%
Magic:  7/8        EV: 12    Int: 13    God:
Gold:   125        SH:  0    Dex: 11    Spells: 4/8 levels left

rFire   . . .      SeeInvis +     - Unarmed
rCold   . . .      Faith    .   (no shield)
rNeg    . . .      Spirit   .   a - +0 robe
rPois   .          Reflect  .   (helmet unavailable)
rElec   .          Harm     .   (no cloak)
rCorr   .          Rampage  .   (no gloves)
Will    .....                   (boots currently unavailable)
Stlth   +.........              (no amulet)
HPRegen 0.12/turn               (no ring)
MPRegen 0.11/turn               (no ring)

@: appendages
A: talons 2, permanent stasis, dig shafts and tunnels, antennae 3, four strong
arms
a: Dig, Shaft Self, End Transformation


You were on level 2 of the Dungeon.
You had temporarily grown beastly talons.
You visited 1 branch of the dungeon, and saw 3 of its levels.

You collected 125 gold pieces.

Inventory:

Missiles
 h - 23 poisoned darts
 i - 15 sling bullets
 j - 41 stones
Armour
 a - a +0 robe (worn)
Scrolls
 b - a scroll of enchant armour {unknown}
 c - a scroll of enchant weapon {unknown}
 d - 2 scrolls of silence {unknown}
 e - a scroll of summoning {unknown}
 f - 2 scrolls of identify {unknown}
 g - a scroll of immolation {unknown}
 k - a scroll of brand weapon {unknown}
 l - a scroll of fog {unknown}
Potions
 m - a potion of curing {unknown}


   Skills:
 - Level 1.1 Fighting
 - Level 1.7 Dodging
 + Level 5.0 Unarmed Combat
 - Level 2.1 Spellcasting
 + Level 2.7 Transmutations
 + Level 1.6 Poison Magic


You had 4 spell levels left.
You knew the following spells:

 Your Spells              Type           Power      Damage    Failure   Level
a - Beastly Appendage     Tmut           16%        N/A       9%          1
b - Spider Form           Tmut/Pois      7%         N/A       30%         3

Your spell library contained the following spells:

 Spells                   Type           Power      Damage    Failure   Level
 Wereblood                Tmut           8%         N/A       12%         2
 Summon Small Mammal      Summ           4%         N/A       26%         1
 Call Canine Familiar     Summ           1%         N/A       58%         3
 Summon Guardian Golem    Hex/Summ       1%         N/A       58%         3
 Ice Form                 Ice/Tmut       4%         N/A       82%         4


Dungeon Overview and Level Annotations

Branches:
Dungeon (3/15)

Altars:
Elyvilon
Kikubaaqudgha

Annotations:
D:2 Sigmund


Innate Abilities, Weirdness & Mutations

You have temporarily grown beastly talons.
You cannot be hasted, slowed, berserked, paralysed or teleported.
You can dig through walls and to a lower floor.
You have a pair of large antennae on your head. (SInv)
Your four strong arms can wield two-handed weapons with a shield.


Message History

The kobold is severely wounded.
Your transformation is almost over.
The kobold misses you.
You closely miss the kobold.
The kobold is severely wounded.
The kobold closely misses you.
You closely miss the kobold.
The kobold is severely wounded.
The kobold closely misses you.
You closely miss the kobold.
The kobold is severely wounded.
You hit the kobold.
You kill the kobold!
An orc comes into view. It is wielding a +0 mace.
An orc priest comes into view. It is wielding a +0 hand axe.
The orc shouts!
The orc priest shouts!
The orc hits you with a +0 club.
The orc priest calls down the wrath of Beogh upon you.
Beogh smites you!
* * * LOW HITPOINT WARNING * * *
Things that are here:
a +0 short sword; a +0 scale mail; 2 scrolls labelled FOCWEZXU WOAN Your talons disappear.
The orc priest invokes the aid of Beogh against you.
Beogh smites you!
* * * LOW HITPOINT WARNING * * *
The orc priest hits the quokka with a +0 hand axe.
The quokka misses the orc priest.
Okay, then.
You see here an adder corpse.
There is a stone staircase leading up here.
The orc hits you with a +0 club.
* * * LOW HITPOINT WARNING * * *
You climb upwards.
Level annotation: Sigmund
There is a stone staircase leading down here.
Casting: Beastly Appendage (safe; 9% risk of failure)
Confirm with . or Enter, or press ? or * to list all spells.
Your feet morph into talons.
The orc hits you with a +0 club.
You die...

#.##.##.# #...# #.###.. #
#.##.##.# #@..# ###)####. #
##.......#####...######........
###.###.###.............#.#.###..
)....##.....................###..
###.###.##..............#.##.....
# #.# #.##.....#...######.##.##.#
# #.###.##.._..#...# #.##.##(#
###.....##.....#@..# #.......#
..#......#.....#.o.# ##......#
#.#........#####...# #.#)##.#
#.###....### ##.##### #.#.##.#
#.# #.##########......####.#.....
#.###...h.........###.#.......#.#
#.....####..####..###.#.##......#
#####.##...................##.###
#.##.#..####......#.##.##.###


You could see Sigmund and an orc.

Vanquished Creatures
  Terence (D:2)
  Natasha (D:2)
  2 adders
  A worm (D:2)
  6 bats
  2 endoplasms (D:1)
  2 giant cockroaches
  6 hobgoblins
  2 jackals (D:1)
  3 quokkas
  6 ball pythons
  A frilled lizard (D:2)
  A goblin (D:2)
  4 kobolds
  6 rats
44 creatures vanquished.

Vanquished Creatures (others)
  An orc (D:3)
  A quokka (D:3)
2 creatures vanquished.

Grand Total: 46 creatures vanquished

Notes
Turn   | Place    | Note
-------+----------+-------------------------------------------
     0 | D:1      | Strat the Formicid Transmuter began the quest for the Orb.
     0 | D:1      | Reached XP level 1. HP: 15/15 MP: 3/3
   430 | D:1      | Reached XP level 2. HP: 16/21 MP: 5/5
   660 | D:1      | Found a faded altar of an unknown god.
  1080 | D:1      | Reached skill level 4 in Unarmed Combat
  1080 | D:1      | Reached XP level 3. HP: 21/26 MP: 4/6
  1635 | D:2      | Found an ancient bone altar of Kikubaaqudgha.
  1910 | D:2      | Noticed Terence
  1950 | D:2      | Noticed Natasha
  1966 | D:2      | Killed Natasha
  1967 | D:2      | Reached XP level 4. HP: 11/32 MP: 5/7
  2188 | D:2      | Learned a level 3 spell: Spider Form
  2252 | D:2      | HP: 1/32 [poisoned by an adder]
  2887 | D:2      | Killed Terence
  2888 | D:2      | Reached skill level 5 in Unarmed Combat
  2888 | D:2      | Reached skill level 1 in Poison Magic
  2888 | D:2      | Reached XP level 5. HP: 13/37 MP: 8/8
  3191 | D:2      | Noticed Sigmund
  3632 | D:3      | Found a white marble altar of Elyvilon.
  3687 | D:3      | HP: 1/37 [orc priest/divine providence (17)]
  3729 | D:2      | Slain by an orc

Illustrated notes

Levels and vault maps discovered:
D:1:      dpeg_arrival_central, layout_loops_ring,
          shapermc_ecumenical_altar_mp_highgroup, minmay_misc_feat_rugged
D:2:      layout_loops_cross, basic_altar, uniq_sigmund, uniq_natasha,
          uniq_terence
D:3:      layout_loops_ring, elyvilon_altar_4

Skill      XL: |  1  2  3  4 |
---------------+-------------+-----
Unarmed Combat | 4 5 |  5.0
Poison Magic   | 1 |  1.6
Fighting       | |  1.1
Dodging        | |  1.7
Spellcasting   | |  2.1
Transmutations | |  2.7

Action                   |  1- 3 |  4- 6 || total
-------------------------+-------+-------++-------
Melee: Unarmed           |    86 |    66 ||   152
       Punch             |     3 |     1 ||     4
       Kick              |     5 |     9 ||    14
 Cast: Beastly Appendage |    18 |    10 ||    28
  Use: Potion            |       |     1 ||     1
 Stab: Sleeping          |     1 |       ||     1
Armor: Robe              |    16 |     8 ||    24
Dodge: Dodged            |    57 |    36 ||    93

Table legend: (Time is in decaauts)
 A = Elapsed time spent in this place.
 B = Non-inter-level travel time spent in this place.
 C = Inter-level travel time spent in this place.
 D = Time resting spent in this place.
 E = Time spent auto-exploring this place.
 F = Levels seen in this place.
 G = Mean time per level.
                   A        B        C        D        E       F      G
               +--------+--------+--------+--------+--------+-----+--------+
         Total |   3719 |   3567 |    152 |   1126 |   1691 |   3 | 1239.7 |
       Dungeon |   3719 |   3567 |    152 |   1126 |   1691 |   3 | 1239.7 |
               +--------+--------+--------+--------+--------+-----+--------+

Top non-repeatable levels by time:
     D:2: 1883 daAuts
     D:1: 1643 daAuts
     D:3: 192 daAuts
